 Dungeon Crawl Stone Soup version 0.30-a0-1160-g6e42c06551 (webtiles) character file.

Game seed: 3630803871173600353

1516 Ahpoh the Slasher (level 8, -2/43 HPs)
             Began as a Vine Stalker Berserker on Apr 26, 2023.
             Was a Priest of Trog.
             Killed from afar by an electric eel (9 damage)
             ... with a bolt of electricity
             ... on level 6 of the Dungeon.
             The game lasted 00:13:40 (5805 turns).

Ahpoh the Slasher (Vine Stalker Berserker)          Turns: 5805, Time: 00:13:40

Health: -2/43      AC: 10    Str: 21    XL:     8   Next: 83%
Magic:  0/9        EV:  9    Int:  7    God:    Trog [***...]
Gold:   318        SH:  0    Dex: 18    Spells: 7/7 levels left

rFire   + . .        a - +1 falchion
rCold   + . .        (no shield)
rNeg    . . .        g - +0 chain mail
rPois   .            (no helmet)
rElec   .            (no cloak)
rCorr   .            (no gloves)
SInv    +            o - +0 pair of boots
Will    ++...        s - amulet "Boum" {rF+ rC+ Will+ Regen+ Dex+3} Stlth
                     k - ring of see invisible
HPRegen 1.87/turn    (no ring)
MPRegen 0.11/turn

%: guardian spirit
@: on berserk cooldown, slowed, very slow
A: fangs 3, regeneration 1, magic shield, antimagic bite, no potion heal 2
a: Renounce Religion, Berserk, Trog's Hand


You were on level 6 of the Dungeon.
You worshipped Trog.
Trog was most pleased with you.
You visited 1 branch of the dungeon, and saw 7 of its levels.

You collected 318 gold pieces.

Inventory:

Hand Weapons
 a - a +1 falchion (weapon)
Missiles
 q - 2 javelins (quivered)
Armour
 g - a +0 chain mail (worn)
 o - a +0 pair of boots (worn)
Jewellery
 k - a ring of see invisible (left hand)
 s - the amulet "Boum" (around neck) {rF+ rC+ Will+ Regen+ Dex+3}
   (You found it on level 7 of the Dungeon)

   [amulet of regeneration]

   Dex:       It affects your dexterity (+3).
   rF:        It protects you from fire.
   rC:        It protects you from cold.
   Regen:     It increases your rate of health regeneration.
   Will:      It increases your willpower.
Wands
 u - a wand of quicksilver (7)
Scrolls
 c - 3 scrolls of summoning
 f - 2 scrolls of fear
 l - 4 scrolls of teleportation
 r - a scroll of immolation
 t - 2 scrolls of amnesia
 w - a scroll of blinking
 x - a scroll of poison
 z - a scroll of enchant weapon
 A - a scroll of fog
Potions
 b - a potion of lignification {unknown}
 d - a potion of flight {unknown}
 e - 3 potions of haste {unknown}
 h - a potion of magic {unknown}
 i - 3 potions of heal wounds {unknown}
 j - 2 potions of brilliance {unknown}
 m - 2 potions of curing {unknown}
 n - 3 potions of mutation {unknown}
 p - 2 potions of attraction {unknown}
 v - a potion of ambrosia {unknown}


   Skills:
 + Level 5.0 Fighting
 + Level 7.1 Long Blades
 + Level 1.1 Throwing
 + Level 4.8 Armour
 + Level 2.2 Dodging
 + Level 1.5 Stealth


You had 7 spell levels left.
You didn't know any spells.
Your spell library was empty.

Dungeon Overview and Level Annotations

Branches:
Dungeon (7/15)             Temple (0/1) D:4

Altars:


Innate Abilities, Weirdness & Mutations

You have razor-sharp teeth.
Your natural rate of healing is unusually fast.
When hurt, damage is shared between your health and your magic reserves.
Your bite disrupts and absorbs the magic of your enemies.
Potions cannot restore your health.


Message History

The bolt of electricity hits the electric eel.
The electric eel completely resists.
A red film seems to cover your vision as you go berserk!
You feel yourself moving faster!
You feel mighty!
The electric eel shoots out a bolt of lightning at you!
The bolt of electricity hits you. The bolt of electricity hits you!
* * * LOW HITPOINT WARNING * * *
The bolt of electricity hits the electric eel.
The electric eel completely resists.
You feel a strong urge to attack something.
The electric eel shoots out a bolt of lightning at you!
The bolt of electricity hits you.
* * * LOW HITPOINT WARNING * * *
There is an open door here.
You feel your anger nearly subside.
You are no longer berserk.
You are exhausted.
You feel yourself slow down.
You start resting.
HP restored.
You start resting.
You feel yourself speed up.
You start resting.
You recover from your berserk rage.
A red film seems to cover your vision as you go berserk!
You feel yourself moving faster!
You feel mighty!
You feel a strong urge to attack something.
There is an open door here.
You feel your anger nearly subside.
You are no longer berserk.
You are exhausted.
You feel yourself slow down.
The electric eel shoots out a bolt of lightning at you!
The bolt of electricity hits you. x2
The electric eel shoots out a bolt of lightning at you!
The bolt of electricity hits you! x2
The electric eel shoots out a bolt of lightning at you!
The bolt of electricity hits you! x2
* * * LOW HITPOINT WARNING * * *
The electric eel shoots out a bolt of lightning at you!
The bolt of electricity hits you!
You die...

.##'#####...~P~≈≈≈≈..
..#.##..#.....≈≈~≈~≈##
..#.....#....~.~≈≈≈≈≈###
..#.....'........~≈≈≈≈≈
..###...#.......~~~≈≈≈
#####...##....#..~~S#
#........#....#...~~####
#........+....#........#
#........#....#.@.#....#
#####..###....##'## ...#
...##..#.......#.### ###
.>.#...#.......#...#
...#...#.......#...#
...#...#.......'...#
...## #.......#####
....# #####.......#
....# #)......#


You could see an electric eel.

Vanquished Creatures
  Grinder (D:3)
  An ice beast (D:3)
  A centaur (D:5)
  3 ogres
  3 phantoms
  4 scorpions
  3 howler monkeys
  A hound (D:6)
  2 jellies
  2 sleepcaps (D:5)
  An orc wizard (D:4)
  Ijyb (D:4)
  3 gnolls (D:5)
  An adder (D:2)
  An ufetubus (D:5)
  A worm (D:5)
  5 dart slugs
  6 orcs
  7 ball pythons
  9 endoplasms
  A giant cockroach (D:1)
  13 goblins
  3 hobgoblins
  10 jackals
  5 quokkas
  3 bats (D:1)
  5 frilled lizards
  5 kobolds
  2 rats (D:3)
103 creatures vanquished.

Vanquished Creatures (others)
  8 plants
8 creatures vanquished.

Grand Total: 111 creatures vanquished

Notes
Turn   | Place    | Note
-------+----------+-------------------------------------------
     0 | D:1      | Ahpoh the Vine Stalker Berserker began the quest for the
                  | Orb.
     0 | D:1      | Reached XP level 1. HP: 11/11 MP: 2/2
   144 | D:1      | Reached XP level 2. HP: 12/16 MP: 1/3
   183 | D:1      | Found a faded altar of an unknown god.
   205 | D:1      | Reached skill level 3 in Long Blades
   685 | D:1      | Reached XP level 3. HP: 20/20 MP: 4/4
  1055 | D:2      | Reached ** piety under Trog
  1535 | D:2      | Gained mutation: Your natural rate of healing is unusually
                  | fast. [Vine Stalker growth]
  1535 | D:2      | Reached XP level 4. HP: 19/24 MP: 3/5
  1817 | D:3      | Noticed Grinder
  1826 | D:3      | Killed Grinder
  1827 | D:3      | Reached skill level 4 in Long Blades
  1827 | D:3      | Reached skill level 1 in Stealth
  1827 | D:3      | Reached XP level 5. HP: 29/29 MP: 6/6
  1827 | D:3      | Reached XP level 6. HP: 33/33 MP: 7/7
  2069 | D:3      | Noticed an ice beast
  2079 | D:3      | Killed an ice beast
  2080 | D:3      | Reached skill level 5 in Long Blades
  2674 | D:4      | Reached XP level 7. HP: 32/37 MP: 5/8
  3005 | D:4      | You fall into a shaft and drop 3 floors!
  3009 | D:7      | Identified the amulet "Boum" {rF+ rC+ Will+ Regen+ Dex+3}
  3117 | D:5      | Entered Level 5 of the Dungeon
  3222 | D:5      | Reached skill level 6 in Long Blades
  3373 | D:5      | Reached skill level 1 in Throwing
  3373 | D:5      | Gained mutation: You have razor-sharp teeth. [Vine Stalker
                  | growth]
  3373 | D:5      | Reached XP level 8. HP: 42/42 MP: 6/9
  3432 | D:4      | Found a staircase to the Ecumenical Temple.
  3774 | D:4      | Noticed Ijyb
  3791 | D:4      | Killed Ijyb
  3792 | D:4      | Reached *** piety under Trog
  5390 | D:6      | Reached skill level 7 in Long Blades
  5537 | D:6      | Reached skill level 5 in Fighting
  5805 | D:6      | Killed from afar by an electric eel

Illustrated notes

Levels and vault maps discovered:
D:1:      heliophobic_arrival_ceremonial_halls, layout_basic,
          shapermc_ecumenical_altar_totnotflames
D:2:      layout_basic, item_on_display_a
D:3:      layout_basic, minivault_11, uniq_grinder
D:4:      kennysheep_goblin_castle, layout_basic,
          minmay_temple_entry_gardened_gates, serial_rivers,
          chequers_serial_rivers_micro_d, chequers_serial_rivers_large_a,
          chequers_serial_rivers_small_b, chequers_serial_rivers_small_3,
          minmay_liquid_box
D:5:      layout_layer_cave
D:6:      layout_gridville, chequers_big_river, roderic_lattice_a, st_stairs_1,
          hangedman_decor_push
D:7:      layout_gridville, minmay_nine_imps, uniq_maggie, uniq_pikel

Skill      XL: |  1  2  3  4  5  6  7  8 |
---------------+-------------------------+-----
Fighting       | 3 4 5 |  5.0
Long Blades    | 3 4 5 6 7 |  7.1
Armour         | 2 3 4 |  4.8
Stealth        | 1 |  1.5
Dodging        | 2 |  2.2
Throwing       | 1 |  1.1

Action                     |  1- 3 |  4- 6 |  7- 9 || total
---------------------------+-------+-------+-------++-------
  Melee: Falchion          |    89 |    39 |   149 ||   277
         Bite              |    18 |     8 |    46 ||    72
         Punch             |       |     2 |     1 ||     3
  Throw: Javelin           |       |       |     8 ||     8
 Invoke: Berserk           |       |     2 |     7 ||     9
    Use: Scroll            |     5 |       |     6 ||    11
 Armour: Animal skin       |     4 |       |       ||     4
         Chain mail        |    34 |    15 |    64 ||   113
  Dodge: Dodged            |    42 |    14 |    74 ||   130

Table legend: (Time is in decaauts)
 A = Elapsed time spent in this place.
 B = Non-inter-level travel time spent in this place.
 C = Inter-level travel time spent in this place.
 D = Time resting spent in this place.
 E = Time spent auto-exploring this place.
 F = Levels seen in this place.
 G = Mean time per level.
                   A        B        C        D        E       F      G
               +--------+--------+--------+--------+--------+-----+--------+
         Total |   5901 |   5668 |    233 |    486 |   3934 |   7 |  843.0 |
       Dungeon |   5901 |   5668 |    233 |    486 |   3934 |   7 |  843.0 |
               +--------+--------+--------+--------+--------+-----+--------+

Top non-repeatable levels by time:
     D:4: 1371 daAuts
     D:5: 1291 daAuts
     D:1: 1021 daAuts
     D:3: 969 daAuts
     D:2: 695 daAuts
     D:6: 467 daAuts
     D:7: 85 daAuts
